Map: Ultralove

Players

Alphatea

  • Race: Zerg Zerg
  • League: Gold
  • Spawn Location: 7:00

llllllllllll - Winner!

  • Race: Protoss Protoss
  • League: Silver
  • Spawn Location: 1:00

VOD

Have the link to the VOD?

Description

Time

  • Played on: April 24, 2025, 9:35 a.m.
  • Length: 3:23
Show
View Real Time Build Order
Export as new Build Order

Alphatea Zerg 

Build Orders: Pool First 

Get SALT Encoding   

  12  0:00  Drone  
  13  0:26  Spawning Pool  
  12  0:29  Drone x2  
  14  0:58  Hatchery  
  14  1:02  Drone  
  14  1:07  Overlord  
  14  1:27  Zergling x6  
  17  1:42  Queen, Extractor  
  18  2:12  Zergling x8  
  18  2:13  Queen  
  21  2:43  Zergling x2  
  21  2:44  Zergling x2  
Show
View Real Time Build Order
Export as new Build Order

llllllllllll Protoss - Winner!

Build Orders:  

Get SALT Encoding   

  12  0:00  Probe  
  13  0:12  Probe  
  14  0:25  Probe  
  15  0:39  Pylon  
  15  0:59  Gateway  
  15  1:00  Gateway  
  15  1:02  Gateway  
  15  1:08  Gateway  
  15  1:16  Pylon  
  15  1:37  Zealot  
  15  1:38  Zealot  
  17  1:49  Zealot  
  21  1:58  Zealot  
  23  2:03  Zealot  
  23  2:04  Zealot  
  27  2:14  Pylon  
  27  2:16  Zealot  
  29  2:26  Zealot  
  29  2:46  Zealot  
  31  2:53  Zealot  
Tags
 
Matchup
PvZ
Opening
Pool First
Replay Pack
kreditionep1
Spawn Locations
Cross Positions
Add a new tag
Caveats
  • Supply blocks, unpowered buildings, or Contaminate may cause inaccurate times.
  • Supply counts are checked every 10 seconds.